 Dungeon Crawl Stone Soup version 0.31.0-11-ge490571c62 (webtiles) character file.

Game seed: 3913606658410546163

51 hawla the Chopper (level 3, -1/30 HPs)
             Began as a Minotaur Gladiator on Feb 1, 2024.
             Slain by a frilled lizard (3 damage)
             ... on level 2 of the Dungeon.
             The game lasted 00:02:01 (1234 turns).

hawla the Chopper (Minotaur Gladiator)              Turns: 1234, Time: 00:02:01

Health: -1/30      AC:  3    Str: 20    XL:     3   Next: 58%
Magic:  2/2        EV: 12    Int:  5    God:
Gold:   85         SH:  0    Dex: 11    Spells: 2/2 levels left

rFire   . . .        a - +0 war axe
rCold   . . .        (no shield)
rNeg    . . .        b - +0 leather armour
rPois   .            c - +0 hat
rElec   .            (no cloak)
rCorr   .            (no gloves)
SInv    .            (no boots)
Will    .....        (no amulet)
Stlth   +            (no ring)
HPRegen 0.25/turn    (no ring)
MPRegen 0.08/turn

%: no passive effects
@: no status effects
A: horns 2, retaliatory headbutt
a: no special abilities


You were on level 2 of the Dungeon.
You visited 1 branch of the dungeon, and saw 2 of its levels.

You collected 85 gold pieces.

Inventory:

Hand Weapons
 a - a +0 war axe (weapon)
Missiles
 d - 3 throwing nets (quivered)
 e - a javelin
Armour
 b - a +0 leather armour (worn)
 c - a +0 hat (worn)
Scrolls
 h - a scroll of vulnerability
Potions
 f - a potion of cancellation
 i - a potion of enlightenment


   Skills:
 - Level 2.4 Fighting
 + Level 5.6 Axes
 - Level 2.0 Throwing
 - Level 3.2 Dodging


You had 2 spell levels left.
You didn't know any spells.
Your spell library contained the following spells:

 Spells                   Type           Power      Damage    Failure   Level
 Mercury Vapours          Alch/Air       0%         N/A       67%         2
 Mephitic Cloud           Conj/Alch/Air  0%         N/A       88%         3
 Freezing Cloud           Conj/Ice/Air   0%         6-21      100%        5


Dungeon Overview and Level Annotations

Branches:
Dungeon (2/15)

Altars:
Sif Muna

Annotations:
D:2 Robin


Innate Abilities, Weirdness & Mutations

You have a pair of horns on your head.
You reflexively headbutt those who attack you in melee.


Message History

Okay, then.
The goblin hits you with a +0 dagger. The goblin hits you but does no damage.
The goblin hits you with a +0 club.
You slash the goblin!
You kill the goblin!
You closely miss the goblin. You hit the goblin. The goblin misses you.
The goblin hits you with a +0 dagger.
* * * LOW HITPOINT WARNING * * *
Unknown command.
Okay, then.
Okay, then.
The hobgoblin attacks as it pursues you!
The hobgoblin hits you.
* * * LOW HITPOINT WARNING * * *
The goblin closely misses you. The goblin hits you but does no damage.
The goblin hits you with a +0 club.
* * * LOW HITPOINT WARNING * * *
The goblin closely misses you. The goblin hits you but does no damage.
You enter a teleport trap!
The teleport trap disappears.
Your surroundings seem slightly different.
Found a bubbling clear potion.
A bat and a goblin come into view.
The goblin shouts!
The goblin no longer looks unusually strong.
A frilled lizard comes into view.
The frilled lizard hisses angrily.
You hit the bat.
You kill the bat!
The goblin no longer looks unusually strong. x2
A quokka comes into view.
The goblin hits you with a +0 dagger.
* * * LOW HITPOINT WARNING * * *
Found a white potion.
The goblin closely misses you.
You see here a bat corpse.
The goblin attacks as it pursues you! The goblin hits you with a +0 club.
* * * LOW HITPOINT WARNING * * *
The goblin attacks as it pursues you! The goblin closely misses you.
The frilled lizard bites you.
You die...

##........ #....!...#
#........#
........######
#...........#
#....r......#
#...l.......#
#...g@......#
#..g........#
#.g.........#
############gg.........#
#..........g...........#
#...........g..........#
#.......................
#...........####+##...#.
#...........# .#.#


You could see a quokka, 2 hobgoblins, 5 goblins and a frilled lizard.

Vanquished Creatures
  A gnoll (D:1)
  A dart slug (D:1)
  8 endoplasms
  2 giant cockroaches (D:1)
  6 goblins
  3 hobgoblins (D:1)
  2 jackals (D:1)
  2 ball pythons
  5 bats
  2 frilled lizards
  A kobold (D:1)
  A rat (D:1)
34 creatures vanquished.

Notes
Turn   | Place    | Note
-------+----------+-------------------------------------------
     0 | D:1      | hawla the Minotaur Gladiator began the quest for the Orb.
     0 | D:1      | Reached XP level 1. HP: 18/18 MP: 0/0
   231 | D:1      | Reached skill level 4 in Axes
   302 | D:1      | Reached XP level 2. HP: 25/25 MP: 1/1
   435 | D:1      | Found a faded altar of an unknown god.
   634 | D:1      | Reached skill level 5 in Axes
   634 | D:1      | Reached XP level 3. HP: 11/30 MP: 2/2
   931 | D:2      | Found a shimmering blue altar of Sif Muna.
  1216 | D:2      | Noticed Robin
  1233 | D:2      | HP: 1/30 [goblin/+0 club[Robin] (2)]
  1234 | D:2      | Slain by a frilled lizard

Illustrated notes

Levels and vault maps discovered:
D:1:      ldierk_walled_garden, layout_loops_corners,
          ebering_ecumenical_altar_box
D:2:      layout_basic, basic_altar, amcnicky_mini_pool_small, uniq_robin

Skill      XL: |  1  2 |
---------------+-------+-----
Axes           | 4 5 |  5.6
Fighting       | |  2.4
Throwing       | |  2.0
Dodging        | |  3.2

Action                     || total
---------------------------++-------
  Melee: War axe           ||    48
         Headbutt          ||    13
    Use: Scroll            ||     4
 Armour: Leather armour    ||    41
  Dodge: Dodged            ||    38
